 Dungeon Crawl Stone Soup version 0.29-a0-824-gd827844252 (webtiles) character file.

Game seed: 7204442915514973168

8901 Mesmaeker13 the Thaumaturge (level 11, -2/65 HPs)
             Began as a Djinni Hedge Wizard on July 10, 2022.
             Was a Believer of Elyvilon.
             Slain by a lindwurm (12 damage)
             ... on level 9 of the Dungeon.
             The game lasted 00:26:05 (14176 turns).

Mesmaeker13 the Thaumaturge (Djinni Hedge Wizard)  Turns: 14176, Time: 00:26:06

Health: -2/65      AC: 10    Str:  9    XL:     11   Next: 64%
Gold:   757        EV: 20    Int: 19    God:    Elyvilon [**....] SH:  0 Dex: 14

rFire   + . .      SeeInvis .   K - +2 quarterstaff (spect)
rCold   . . .      Faith    .   (shield currently unavailable)
rNeg    . . .      Spirit   .   H - +0 steam dragon scales
rPois   ∞          Reflect  .   x - +0 helmet
rElec   .          Harm     .   r - +0 cloak
rCorr   .          Rampage  .   D - +0 pair of gloves
Will    ++...                   (boots unavailable)
Stlth   ++........              (no amulet)
HPRegen 0.20/turn               E - ring of Moheekum {Ice Will+}
MPRegen 0.00/turn               c - +4 ring of evasion

@: flying
A: sickness immunity, fire resistance 2, cold vulnerability 1, float, innate
caster, HP casting, extra vitality 1
a: Renounce Religion, Purification, Heal Other


You were on level 9 of the Dungeon.
You worshipped Elyvilon.
Elyvilon was pleased with you.
You visited 2 branches of the dungeon, and saw 10 of its levels.
You also visited: Bailey.

You collected 757 gold pieces.

Inventory:

Hand Weapons
 I - a +3 flail of freezing
 K - a +2 spectral quarterstaff (weapon)
Missiles
 q - 6 silver javelins (quivered)
 y - 17 poisoned darts
 G - a throwing net
Armour
 r - a +0 cloak (worn)
 x - a +0 helmet (worn)
 D - a +0 pair of gloves (worn)
 H - +0 steam dragon scales (worn)
Jewellery
 c - a +4 ring of evasion (right hand)
 f - a ring of protection from fire
 l - a +4 ring of slaying
 s - a +6 ring of dexterity
 w - a ring of willpower
 E - the ring of Moheekum (left hand) {Ice Will+}
   (You acquired it on level 6 of the Dungeon)

   [ring of ice]

   It enhances your ice magic.
   rF:        It makes you vulnerable to fire.
   rC:        It protects you from cold.
   Will:      It increases your willpower.
 N - a ring of protection from cold
Wands
 v - a wand of flame (7)
 A - a wand of roots (12)
Scrolls
 b - a scroll of torment {unknown}
 g - 2 scrolls of vulnerability
 i - 5 scrolls of enchant armour {unknown}
 k - 3 scrolls of noise {unknown}
 m - 2 scrolls of magic mapping {unknown}
 n - 3 scrolls of teleportation
 p - a scroll of enchant weapon {unknown}
 t - a scroll of blinking
 B - a scroll of fear {unknown}
 J - a scroll of immolation
 L - a scroll of brand weapon {unknown}
Potions
 a - 2 potions of might
 d - 5 potions of curing
 e - 3 potions of magic {unknown}
 h - 5 potions of flight
 j - 2 potions of attraction {unknown}
 o - 4 potions of mutation {unknown}
 u - a potion of resistance
 C - a potion of berserk rage
 F - a potion of invisibility {unknown}
 M - a potion of heal wounds


   Skills:
 + Level 6.3 Armour
 - Level 8.6 Dodging
 - Level 1.5 Stealth
 * Level 11.2 Spellcasting
 + Level 2.1 Invocations


You had 7 spell levels left.
You knew the following spells:

 Your Spells              Type           Power      Damage    Failure   Level
a - Magic Dart            Conj           100%       1d8       1%          1
b - Blink                 Tloc           100%       N/A       1%          2
c - Call Imp              Summ           52%        N/A       1%          2
d - Slow                  Hex            100%       N/A       1%          1
e - Conjure Flame         Conj/Fire      52%        6-21      1%          3
f - Mephitic Cloud        Conj/Pois/Air  52%        N/A       1%          3
g - Freeze                Ice            100%       1d11      1%          1
h - Passwall              Tmut/Erth      43%        N/A       1%          2
i - Lesser Beckoning      Tloc           52%        N/A       1%          3
j - Dazzling Flash        Conj/Hex       100%       N/A       1%          3
k - Animate Dead          Necr           52%        N/A       1%          4
Your spell library was empty.

Dungeon Overview and Level Annotations

Branches:
Dungeon (9/15)             Temple (1/1) D:6          Bailey (visited)
   Lair: D:8-11         Orc: D:9-12

Altars:
Dithmenos
Elyvilon
Fedhas
Hepliaklqana
Makhleb
Nemelex Xobeh
Okawaru
Qazlal
Trog
Uskayaw
Yredelemnul
Zin

Shops:
D:2 *


Innate Abilities, Weirdness & Mutations

You are immune to sickness and miasma.
You are immune to poison.
Your flesh is very heat resistant. (rF++)
You are vulnerable to cold. (rC-)
You float through the air rather than walking.
You learn spells naturally, not from books.
Your magical power is your life essence.
You have superior vitality. (+4 MHP)


Message History

* * * LOW HITPOINT WARNING * * *
The lindwurm closely misses you. The lindwurm misses you.
You don't have any such object.
Evoke which item? (* to show all) (? for menu, Esc to quit)
Okay, then.
You completely miss the lindwurm.
The lindwurm is heavily wounded.
Your +2 spectral quarterstaff hits the lindwurm.
The lindwurm is engulfed in noxious fumes.
The lindwurm appears confused.
The lindwurm barely misses you. x2; The lindwurm claws you.
* * * LOW HITPOINT WARNING * * *
You hit the lindwurm but do no damage.
The lindwurm is heavily wounded.
Your +2 spectral quarterstaff hits the lindwurm but does no damage.
The lindwurm completely misses you.
The lindwurm claws you but does no damage.
The lindwurm barely misses you. The lindwurm misses you.
The lindwurm barely misses you. The lindwurm claws you.
* * * LOW HITPOINT WARNING * * *
You barely miss the lindwurm.
The lindwurm is heavily wounded.
Your +2 spectral quarterstaff hits the lindwurm.
Unknown command.
You hit the lindwurm.
The lindwurm is severely wounded.
Your +2 spectral quarterstaff hits the lindwurm!
The lindwurm bites your +2 spectral quarterstaff but does no damage.
The lindwurm claws your +2 spectral quarterstaff but does no damage.
The lindwurm misses your +2 spectral quarterstaff.
You hit the lindwurm.
The lindwurm is almost dead.
Your +2 spectral quarterstaff barely misses the lindwurm.
The lindwurm bites your +2 spectral quarterstaff!
Your spectral weapon shares its damage with you!
* * * LOW HITPOINT WARNING * * *
The lindwurm closely misses your +2 spectral quarterstaff.
The lindwurm misses your +2 spectral quarterstaff.
You swap places.
The lindwurm bites you!
You die...

###..≈§≈§§≈§§≈≈≈≈≈§≈≈.....#
..§§≈§≈§≈≈≈§≈≈≈≈≈§≈§≈..#.#
...§§§§≈§≈≈...§≈≈≈≈≈≈≈..#.#
...§≈§≈≈≈...##...≈≈§≈≈≈.#.#
§.####..§§≈≈≈≈.#.#
#.$[.#..≈≈≈≈≈...# #?[>$
#§§§§§≈≈..#
#(}|?##k§§≈§≈≈..# ≈
#.$$.#@.§§≈§≈..## ≈≈.
##§.≈≈§≈≈≈.##
≈≈§..##...§≈≈§§§.#
§≈§§....≈≈§≈§§§§.#
§§§≈≈≈≈≈§≈≈≈§≈§§.#
≈≈≈§§≈≈§≈≈§≈≈≈...#
≈≈≈≈§≈§§§≈≈§§§...#
≈§§§≈≈≈≈≈≈≈§.....#
§.§§§≈§≈≈≈.......#


You could see a lindwurm (confused).

Vanquished Creatures
  Pikel (D:5)
  3 lindwurms (D:9)
  Maurice (D:9)
  Joseph (D:8)
  A troll (D:8)
  A hornet (D:9)
  3 yaks (D:9)
  4 wyverns
  5 steam dragons
  3 water moccasins
  2 black bears
  8 orc warriors
  2 ice beasts
  2 sky beasts
  3 centaurs
  2 lemures (D:5)
  2 phantoms (D:4)
  2 kobold brigands
  6 bullfrogs
  2 necrophages
  A scorpion (D:6)
  9 wights
  5 killer bees (D:7)
  A howler monkey (D:6)
  2 jellies (D:7)
  3 hounds
  A gnoll bouda (D:6)
  5 orc priests
  9 orc wizards
  4 iguanas
  Robin (D:4)
  A gnoll (Bailey)
  9 adders
  A white imp (D:6)
  A worm (D:3)
  33 orcs
  8 ball pythons
  8 bats
  5 endoplasms
  2 giant cockroaches
  12 hobgoblins
  3 jackals
  31 kobolds
  4 quokkas
  4 frilled lizards
  17 goblins
  8 rats
242 creatures vanquished.

Vanquished Creatures (collateral kills)
  A lemure (D:5)
  A hound (D:6)
  2 jackals (D:2)
  A kobold (D:3)
5 creatures vanquished.

Vanquished Creatures (others)
  4 plants (D:9)
4 creatures vanquished.

Grand Total: 251 creatures vanquished

Notes
Turn   | Place    | Note
-------+----------+-------------------------------------------
     0 | D:1      | Mesmaeker13 the Djinni Hedge Wizard began the quest for the
                  | Orb.
     0 | D:1      | Mesmaeker13 set off with the following spells memorised:
                  | Magic Dart, Blink, Call Imp, Slow, Conjure Flame, Mephitic
                  | Cloud.
     0 | D:1      | Reached XP level 1. HP: 15/15 MP: 0/0
   343 | D:1      | Reached XP level 2. HP: 19/21 MP: 0/0
   919 | D:1      | Found a faded altar of an unknown god.
  1318 | D:2      | Reached skill level 3 in Spellcasting
  1318 | D:2      | Reached XP level 3. HP: 20/25 MP: 0/0
  1318 | D:2      | Learned a level 1 spell: Freeze
  1865 | D:2      | Reached XP level 4. HP: 27/31 MP: 0/0
  1993 | D:2      | Found Recleuti's General Store.
  3820 | D:3      | Reached XP level 5. HP: 32/35 MP: 0/0
  3820 | D:3      | Learned a level 2 spell: Passwall
  4130 | D:4      | Reached skill level 4 in Spellcasting
  4130 | D:4      | Reached XP level 6. HP: 34/40 MP: 0/0
  4795 | D:4      | Reached XP level 7. HP: 21/45 MP: 0/0
  4795 | D:4      | Learned a level 3 spell: Lesser Beckoning
  5152 | D:4      | Reached skill level 5 in Spellcasting
  5328 | D:4      | Noticed Robin
  5341 | D:4      | Killed Robin
  5344 | D:4      | Reached skill level 5 in Dodging
  5691 | D:5      | Entered Level 5 of the Dungeon
  5938 | D:4      | Reached XP level 8. HP: 17/50 MP: 0/0
  6501 | D:5      | Noticed Pikel
  6795 | D:5      | Killed Pikel
  6796 | D:5      | Reached skill level 6 in Spellcasting
  7368 | D:6      | Reached skill level 7 in Spellcasting
  7368 | D:6      | Reached XP level 9. HP: 37/55 MP: 0/0
  7368 | D:6      | Learned a level 3 spell: Dazzling Flash
  7962 | D:6      | Found a staircase to the Ecumenical Temple.
  7971 | Temple   | Entered the Ecumenical Temple
  8022 | Temple   | Became a worshipper of Elyvilon the Healer
  8167 | D:6      | Identified a scroll of acquirement
  8773 | D:6      | Acquired the ring of Moheekum {Ice Will+}
  8955 | D:7      | Reached skill level 8 in Spellcasting
  9181 | D:7      | Reached * piety under Elyvilon
  9244 | D:7      | Found a flagged portal.
  9264 | D:7      | Reached XP level 10. HP: 16/60 MP: 0/0
  9297 | Bailey   | Entered a bailey
  9833 | Bailey   | Reached skill level 1 in Armour
  9858 | Bailey   | Reached skill level 9 in Spellcasting
 11324 | D:8      | Noticed Joseph
 11920 | D:8      | Killed Joseph
 11921 | D:8      | Reached skill level 10 in Spellcasting
 12321 | D:8      | Reached ** piety under Elyvilon
 12377 | D:7      | Reached XP level 11. HP: 35/65 MP: 0/0
 12377 | D:7      | Learned a level 4 spell: Animate Dead
 13251 | D:9      | Reached skill level 5 in Armour
 13712 | D:9      | Noticed Maurice
 13722 | D:9      | Killed Maurice
 14045 | D:9      | Reached skill level 11 in Spellcasting
 14145 | D:9      | Noticed a lindwurm
 14146 | D:9      | Noticed a lindwurm
 14157 | D:9      | Noticed a lindwurm
 14159 | D:9      | Killed a lindwurm
 14160 | D:9      | Reached skill level 1 in Invocations
 14161 | D:9      | Killed a lindwurm
 14164 | D:9      | Noticed a lindwurm
 14168 | D:9      | Killed a lindwurm
 14176 | D:9      | Slain by a lindwurm

Illustrated notes

Levels and vault maps discovered:
D:1:      dpeg_arrival_houses_and_road, layout_basic,
          shapermc_ecumenical_altar_mp_urbaneastern
D:2:      minmay_skewed_foursquare, layout_loops_cross, serial_shops, shop,
          skrybe_limestone_x
D:3:      layout_loops_cross, item_on_display_a
D:4:      layout_loops_ring, uniq_robin
D:5:      layout_cave_pools, uniq_pikel
D:6:      layout_cave_pods, minmay_temple_entry_mini_moons,
          minmay_fractal_squares_5
D:7:      cheibrodos_steamvent, layout_rooms, enter_bailey_5
D:8:      layout_basic, nicolae_wwwww, uniq_joseph
D:9:      layout_grid_maze, serial_bayou_ford_a, minmay_lindwurm_lava,
          uniq_maurice
Temple:   nicolae_temple_bog_church

Skill      XL: |  1  2  3  4  5  6  7  8  9 10 11 |
---------------+----------------------------------+-----
Spellcasting   | 3 4 5 7 8 10 11 | 11.2
Dodging        | 3 4 5 6 8 |  8.6
Armour         | 4 6 |  6.3
Invocations    | 2 |  2.1
Stealth        | |  1.5

Action                   |  1- 3 |  4- 6 |  7- 9 | 10-12 || total
-------------------------+-------+-------+-------+-------++-------
Melee: Spear             |     2 |       |       |       ||     2
       Punch             |     1 |       |     1 |       ||     2
       Short sword       |       |     5 |       |       ||     5
       Dagger            |       |     2 |    55 |    55 ||   112
       Quarterstaff      |       |       |       |    58 ||    58
Throw: Javelin           |       |     1 |     6 |       ||     7
 Cast: Magic Dart        |    59 |   118 |   167 |   238 ||   582
       Call Imp          |     1 |     6 |     8 |       ||    15
       Freeze            |       |     6 |    47 |     9 ||    62
       Mephitic Cloud    |       |     3 |    17 |    31 ||    51
       Slow              |       |       |     1 |       ||     1
       Dazzling Flash    |       |       |     1 |       ||     1
       Conjure Flame     |       |       |       |     7 ||     7
       Passwall          |       |       |       |     1 ||     1
       Lesser Beckoning  |       |       |       |     1 ||     1
       Blink             |       |       |       |     1 ||     1
Evoke: Wand              |       |       |     6 |     9 ||    15
  Use: Scroll            |       |       |     6 |     2 ||     8
       Potion            |       |       |       |     2 ||     2
 Stab: Confused          |       |     1 |     9 |    16 ||    26
       Invisible         |       |       |     1 |       ||     1
       Sleeping          |       |       |       |     1 ||     1
Armor: Robe              |     5 |     6 |    25 |       ||    36
       Steam dragon scal |       |       |       |    13 ||    13
Dodge: Dodged            |     5 |    25 |   116 |   148 ||   294

Table legend: (Time is in decaauts)
 A = Elapsed time spent in this place.
 B = Non-inter-level travel time spent in this place.
 C = Inter-level travel time spent in this place.
 D = Time resting spent in this place.
 E = Time spent auto-exploring this place.
 F = Levels seen in this place.
 G = Mean time per level.
                   A        B        C        D        E       F      G
               +--------+--------+--------+--------+--------+-----+--------+
         Total |  14206 |  13809 |    397 |   4049 |   7310 |  11 | 1291.5 |
       Dungeon |  13029 |  12647 |    382 |   3394 |   7215 |   9 | 1447.7 |
        Temple |     77 |     62 |     15 |      0 |     49 |   1 |   77.0 |
        Bailey |   1099 |   1099 |      0 |    655 |     46 |   1 | 1099.0 |
               +--------+--------+--------+--------+--------+-----+--------+

Top non-repeatable levels by time:
     D:4: 2510 daAuts
     D:8: 1749 daAuts
     D:2: 1528 daAuts
     D:7: 1488 daAuts
     D:6: 1424 daAuts
     D:3: 1259 daAuts
     D:1: 1255 daAuts
  Bailey: 1099 daAuts
     D:9: 955 daAuts
     D:5: 856 daAuts
  Temple: 77 daAuts
